Map: Neon Violet Square LE

Players

Infamous

  • Race: Protoss Protoss
  • League: Gold
  • Spawn Location: 11:00

Xasdex - Winner!

  • Race: Terran Terran
  • League: Gold
  • Spawn Location: 5:00

VOD

Have the link to the VOD?

Description

Time

  • Played on: April 19, 2018, 9:40 a.m.
  • Length: 9:15
Show
View Real Time Build Order
Export as new Build Order

Infamous Protoss 

Build Orders:  

Get SALT Encoding   

  12  0:01  Probe  
  13  0:15  Pylon  
  13  0:19  Probe  
  14  0:32  Probe  
  14  0:34  Gateway  
  14  0:40  Probe  
  16  0:54  Probe, Assimilator  
  17  1:19  Probe  
  17  1:23  Cybernetics Core  
  18  1:43  Zealot  
  20  1:48  Gateway  
  20  1:57  Warp Gate  
  20  2:02  Assimilator  
  20  2:05  Pylon  
  20  2:17  Pylon  
  20  2:18  Pylon  
  20  2:19  Pylon  
  20  2:27  Stalker  
  22  2:38  Pylon  
  22  2:39  Probe  
  23  2:47  Adept  
  25  2:59  Stalker  
  27  3:19  Zealot  
  27  3:23  Robotics Facility  
  29  3:36  Stalker  
  26  4:15  Probe  
  26  4:23  Probe  
  24  4:43  Twilight Council  
  24  4:44  Stalker x2  
  28  4:48  Observer  
  25  5:11  Zealot x2  
  29  5:21  Immortal  
  20  5:32  Stalker x2  
  21  6:07  Probe  
  20  6:19  Probe  
  17  6:26  Immortal  
  21  6:33  Sentry  
  22  6:44  Stalker  
  22  6:53  Probe  
  23  7:05  Probe  
  24  7:09  Zealot  
  24  7:13  Probe  
  26  7:20  Zealot  
  29  7:30  Sentry  
  31  8:09  Zealot  
  31  8:10  Zealot  
  25  8:19  Probe  
  26  8:31  Probe  
  31  8:47  Zealot x2  
Show
View Real Time Build Order
Export as new Build Order

Xasdex Terran - Winner!

Build Orders:  

Get SALT Encoding   

  12  0:03  SCV  
  13  0:22  Supply Depot, SCV  
  14  0:34  SCV  
  15  0:47  SCV  
  16  0:53  Barracks  
  16  1:34  Supply Depot  
  16  1:42  SCV  
  17  1:52  Barracks  
  17  1:54  SCV  
  17  1:55  Marine, Barracks  
  19  2:03  Supply Depot  
  19  2:06  SCV  
  20  2:16  Marine  
  20  2:20  Orbital Command  
  21  2:34  Supply Depot  
  21  2:38  Marine  
  21  2:42  Marine  
  21  2:44  Marine  
  24  2:56  Marine  
  25  3:00  Marine  
  25  3:01  Marine  
  27  3:14  Marine  
  27  3:17  Marine  
  27  3:19  Marine  
  30  3:32  Marine  
  31  3:35  Marine  
  31  3:37  Marine  
  32  3:49  Marine  
  32  3:53  Marine  
  32  3:55  Marine  
  33  4:07  Marine  
  29  4:11  Marine  
  29  4:13  Marine  
  28  4:19  Barracks  
  28  4:25  Marine  
  28  4:29  Marine  
  28  4:31  Marine  
  31  4:42  Barracks  
  31  4:43  Marine  
  32  4:46  Marine  
  32  4:48  Marine  
  32  4:49  Supply Depot  
  34  5:01  Marine  
  34  5:04  Marine  
  34  5:06  Marine  
  35  5:19  Marine  
  34  5:22  Marine  
  34  5:24  Marine x2  
  29  5:36  Marine  
  29  5:40  Marine  
  29  5:42  Marine x2  
  30  5:54  Marine  
  28  5:58  Marine x2  
  28  6:00  Marine x2  
  28  6:03  Supply Depot  
  32  6:12  Marine  
  32  6:15  Marine x2  
  32  6:17  Marine x2  
  33  6:30  Marine  
  34  6:33  Marine x2  
  34  6:35  Marine x2  
  34  6:48  Marine  
  34  6:51  Marine x2  
  34  6:53  Marine x2  
  35  7:05  Marine  
  34  7:09  Marine x2  
  31  7:17  Marine x2  
  33  7:23  Marine  
  33  7:26  Barracks x2  
  33  7:27  Marine x2  
  36  7:35  Marine x2  
  38  7:41  Marine  
  39  7:45  Marine x2  
  41  7:53  Marine x2  
  43  7:59  Marine  
  33  8:22  Marine x2  
  33  8:23  Marine x4  
  39  8:40  Marine x3  
  39  8:41  Marine x2  
  42  8:56  Marine x2  
Tags
 
Add a new tag
Caveats
  • Supply blocks, unpowered buildings, or Contaminate may cause inaccurate times.
  • Supply counts are checked every 10 seconds.